 Dungeon Crawl Stone Soup version 0.31-a0-198-g2ad674f65e (webtiles) character file.

Game seed: 9475954210065728040

41 qw the Shooter (level 3, 0/20 HPs)
             Began as a Deep Elf Hunter on June 25, 2023.
             Slain by a hobgoblin (2 damage)
             ... led by Robin
             ... on level 2 of the Dungeon.
             The game lasted 00:00:21 (946 turns).

qw the Shooter (Deep Elf Hunter)                     Turns: 946, Time: 00:00:22

Health: 0/20       AC:  5    Str: 10    XL:     3   Next: 32%
Magic:  5/5        EV: 11    Int: 13    God:
Gold:   39         SH:  0    Dex: 18    Spells: 2/2 levels left

rFire   . . .        Y - +0 shortbow
rCold   . . .        (shield currently unavailable)
rNeg    . . .        h - +0 ring mail
rPois   .            (no helmet)
rElec   .            (no cloak)
rCorr   +            (no gloves)
SInv    .            (no boots)
Will    .....        (no amulet)
Stlth   +            f - ring of resist corrosion
HPRegen 0.23/turn    (no ring)
MPRegen 0.09/turn

%: no passive effects
@: no status effects
A: mutation resistance 1
a: no special abilities


You were on level 2 of the Dungeon.
You visited 1 branch of the dungeon, and saw 2 of its levels.

You collected 39 gold pieces.


Innate Abilities, Weirdness & Mutations

You are somewhat resistant to further mutation.


   Skills:
 - Level 1.5 Fighting
 + Level 6.9 Ranged Weapons
 - Level 2.4 Dodging
 - Level 1.2 Stealth


You had 2 spell levels left.
You didn't know any spells.
Your spell library was empty.

Inventory:

Hand Weapons
 Y - a +0 shortbow (weapon)
Armour
 h - a +0 ring mail (worn)
Jewellery
 f - a ring of resist corrosion (left hand)
Potions
 d - a potion of mutation
 j - a potion of brilliance {unknown}

Dungeon Overview and Level Annotations

Branches:
Dungeon (2/15)

Altars:

Annotations:
D:2 Robin


Message History

You shoot an arrow. The arrow hits the goblin.
The goblin is severely wounded.
Robin throws the goblin at you!
You shoot an arrow. The arrow hits the goblin.
You kill the goblin!
The goblin closely misses you.
You shoot an arrow. The arrow hits the hobgoblin.
The hobgoblin is almost dead.
The hobgoblin barely misses you. The goblin barely misses you.
You shoot an arrow.
The arrow hits the hobgoblin but does no damage.
The hobgoblin is almost dead.
The hobgoblin barely misses you. The goblin hits you but does no damage.
You shoot an arrow. The arrow closely misses the hobgoblin.
The goblin hits you but does no damage.
You shoot an arrow. The arrow barely misses the hobgoblin.
The hobgoblin hits you.
Robin hits you with a +2 short sword of holy wrath.
The goblin barely misses you. The goblin hits you with a +0 club.
Robin hits you but does no damage. The hobgoblin hits you.
941 ||| DRINKING potion of heal wounds.
You feel much better. The hobgoblin closely misses you.
The goblin barely misses you.
Robin hits you with a +2 short sword of holy wrath.
You shoot an arrow. The arrow hits the hobgoblin.
You kill the hobgoblin!
The goblin hits you with a +0 club.
You shoot an arrow. The arrow barely misses Robin.
Robin zaps a wand.
The puff of flame hits you. The goblin hits you with a +0 club.
The hobgoblin hits you.
You shoot an arrow.
The arrow hits Robin but does no damage.
Robin completely misses you. The hobgoblin closely misses you.
The goblin hits you with a +0 club.
You shoot an arrow. The arrow barely misses Robin.
Robin throws the goblin at you! The goblin barely misses you.
The hobgoblin closely misses you.
You shoot an arrow. The arrow closely misses Robin.
Robin hits you with a +2 short sword of holy wrath.
The goblin completely misses you. The hobgoblin hits you.
You die...

## .. #.. ..
#.# .# #.#
)# #.##g#
#.##g#
#.##g##.#
#.g@g...#
##.##)####
####...#.#
+........#
####...#.###
#.........#
#.#####.#.#
#. ###.#.#
#+# #
#...#.#


You could see Robin, a hobgoblin (strong) and 3 goblins.

Vanquished Creatures
  A dart slug (D:1)
  An endoplasm (D:1)
  9 goblins
  3 hobgoblins
  4 jackals (D:1)
  3 quokkas (D:1)
  3 ball pythons (D:1)
  5 bats (D:1)
  2 frilled lizards
  2 kobolds (D:1)
  2 rats (D:1)
35 creatures vanquished.

Notes
Turn   | Place    | Note
-------+----------+-------------------------------------------
     0 | D:1      | qw the Deep Elf Hunter began the quest for the Orb.
     0 | D:1      | Reached XP level 1. HP: 12/12 MP: 3/3
     0 | D:1      | 0 ||| qw: Version: 0.3-a-22-g0ed2b0b
     0 | D:1      | 0 ||| qw: Game counter: 4988
     0 | D:1      | 0 ||| qw: Melee chars always use a shield: true
     0 | D:1      | 0 ||| qw: God list: Okawaru
     0 | D:1      | 0 ||| qw: Allow faded altars: false
     0 | D:1      | 0 ||| qw: Do Orc after clearing Dungeon:15 true
     0 | D:1      | 0 ||| qw: Do second Lair branch before Depths: true
     0 | D:1      | 0 ||| qw: Lair rune preference: random
     0 | D:1      | 0 ||| qw: Goals: Normal
     0 | D:1      | 0 ||| PLANNING D:1-11
    84 | D:1      | Reached XP level 2. HP: 16/16 MP: 4/4
    92 | D:1      | Reached skill level 6 in Ranged Weapons
   334 | D:1      | Reached XP level 3. HP: 20/20 MP: 5/5
   728 | D:1      | 728 ||| UPGRADING to +0 ring mail.
   738 | D:1      | 738 ||| DROPPING +0 leather armour.
   739 | D:1      | 739 ||| UPGRADING to ring of resist corrosion.
   740 | D:1      | 740 ||| READING 2 scrolls labelled PAOTUA GEPLOAXT.
   841 | D:1      | 841 ||| READING scroll labelled DAPROR ERUO.
   842 | D:1      | 842 ||| DRINKING 2 clear potions.
   842 | D:1      | Gained mutation: You are somewhat resistant to further
                  | mutation. [potion of mutation]
   843 | D:1      | 843 ||| DRINKING 2 fizzy coppery potions.
   844 | D:1      | 844 ||| DROPPING scroll of silence.
   845 | D:1      | 845 ||| DROPPING scroll of butterflies.
   931 | D:2      | Noticed Robin
   940 | D:2      | HP: 2/20 [hobgoblin[Robin] (4)]
   941 | D:2      | 941 ||| DRINKING potion of heal wounds.
   945 | D:2      | HP: 4/20 [Robin/goblin (2)]
   946 | D:2      | Slain by a hobgoblin

Levels and vault maps discovered:
D:1:      amcnicky_arrival_blooded_trapdoor, layout_basic, st_stairs_6
D:2:      layout_loops_corners, uniq_robin, uniq_terence

Skill      XL: |  1  2 |
---------------+-------+-----
Ranged Weapons | 6 |  6.9
Fighting       | |  1.5
Dodging        | |  2.4
Stealth        | |  1.2

Action                     || total
---------------------------++-------
   Fire: Shortbow          ||    88
    Use: Potion            ||     3
         Scroll            ||     2
 Armour: Leather armour    ||     6
         Ring mail         ||     6
  Dodge: Dodged            ||    36

Table legend:
 A = Non-vault XP
 B = Vault XP
 C = Vault XP percentage of total XP
 D = Non-vault monster count
 E = Vault monster count
 F = Vault count percentage of total count
                 A         B        C        D         E       F
            +---------+---------+-------+---------+---------+-------
      Total |      47 |      12 |  20.3 |      28 |       7 |  20.0
            +---------+---------+-------+---------+---------+-------
        D:1 |      46 |       2 |   4.2 |      27 |       1 |   3.6
        D:2 |       1 |      10 |  90.9 |       1 |       6 |  85.7
            +---------+---------+-------+---------+---------+-------
